 Dungeon Crawl Stone Soup version 0.20-a0-941-gba1b1f9 (webtiles) character file.

287 Krakonus1 the Shield-Bearer (level 6, -2/42 HPs)
             Began as an Octopode Fighter on Apr 1, 2017.
             Slain by an adder (4 damage)
             ... while paralysed by Grinder
             ... on level 3 of the Dungeon.
             The game lasted 00:13:22 (2991 turns).

Krakonus1 the Shield-Bearer (Octopode Fighter)      Turns: 2991, Time: 00:13:23

Health: -2/42      AC:  1    Str: 18 (20) XL:     6   Next: 30%
Magic:  6/6        EV:  2    Int:  9 (11) God:
Gold:   197        SH:  0    Dex: 11 (13) Spells: 5/5 levels left

rFire    . . .     SeeInvis .   a - +0 trident
rCold    . . .     Gourm    .   b - +0 shield
rNeg     . . .     Faith    .   (helmet restricted)
rPois    .         Spirit   .   (no amulet)
rElec    .         Reflect  .   i - +3 ring of evasion
rCorr    .         Harm     .   (no ring)
MR       .....                  (no ring)
Stlth    ++........             (no ring)
Regen    0.2/turn               (no ring)
MPRegen  0.1/turn               (no ring)
                                (no ring)
                                (no ring)

@: paralysed, mighty
A: almost no armour, stealthy swim, amphibious, 8 rings, constrict 8, camouflage
1, gelatinous body 1
a: no special abilities


You were on level 3 of the Dungeon.
You were not hungry.

You visited 1 branch of the dungeon, and saw 3 of its levels.

You collected 197 gold pieces.

Inventory:

Hand Weapons
 a - a +0 trident (weapon)
Armour
 b - a +0 shield (worn)
Jewellery
 i - a +3 ring of evasion (left tentacle)
Wands
 p - a wand of iceblast (0/15)
Scrolls
 e - a scroll of fear
 g - a scroll of teleportation
 l - a scroll of remove curse {unknown}
 n - a scroll of amnesia
 q - a scroll of blinking {unknown}
 r - a scroll of immolation {unknown}
Potions
 c - a potion of might
 h - a potion of ambrosia
 j - a potion of degeneration
 k - a potion of curing
Comestibles
 d - 5 bread rations
 m - a royal jelly
 o - 4 meat rations
 s - a chunk of flesh


   Skills:
 - Level 3.0 Fighting
 - Level 2.0 Polearms
 * Level 5.1 Dodging
 * Level 5.4 Shields


You had 5 spell levels left.
You didn't know any spells.

Dungeon Overview and Level Annotations

Branches:
Dungeon (3/15)

Altars:
Kikubaaqudgha
Nemelex Xobeh
Trog
Uskayaw
The Shining One

Annotations:
D:3 Grinder


Innate Abilities, Weirdness & Mutations

You cannot wear most types of armour.
You are very stealthy in the water. (Stealth+)
You are amphibious.
You can wear up to eight rings at the same time.
You can use your tentacles to constrict eight enemies at once.
Your skin changes colour to match your surroundings (Stealth+).
Your rubbery body absorbs attacks. (AC +1, EV +1)


Message History

Grinder gestures at you. Pain shoots through your body!
You puncture Grinder! Your grab misses Grinder. Your squeeze misses Grinder.
Grinder is severely wounded.
The adder barely misses you. The adder bites you. Grinder closely misses you.
You closely miss Grinder. Your grab misses Grinder. You squeeze Grinder.
Grinder is severely wounded.
You block the adder's attack. Grinder gestures at you.
You suddenly lose the ability to move!
The adder bites you but does no damage.
A quokka comes into view.
Grinder hits you.
You writhe in agony.
The adder barely misses you. The adder bites you.
* * * LOW HITPOINT WARNING * * *
Grinder hits you.
* * * LOW HITPOINT WARNING * * *
You writhe in agony.
* * * LOW HITPOINT WARNING * * *
The adder bites you.
You die...

*,* **********+*** *,*
***+********,,,,,,,,,,,,* *,*
*,,,.....,**,,,,,,,,,,,,******,*
*,,,.....,**,,,,,,,,,,,,**,,,,,,
*,,,......********,,,,,,,,,***,*
*,,,......* *,,,,.,,,,* *,*
*,,,......### *,,...,,,,***,*
***+#.......######S....,,,,*,,,*
*,........gr5@Shrh.[..S.....,,
#,#.#####.###########.##.#.#**
#.#.#####.###########.##.#.###
#>.<.........................#
#########.###########.##.#.#.#
####### #.# #########.##.#.#..
......######.###.........##.#....
...............(()...............
.............###.##########.####.


You could see Grinder, an adder, a quokka, 2 jackals, a goblin, a ball python
and a rat.

Vanquished Creatures
  2 hounds (D:2)
  Ijyb (D:2)
  4 adders
  7 gnolls
  3 worms (D:2)
  2 dart slugs (D:2)
  5 leopard geckos
  4 bats
  3 giant cockroaches
  15 goblins
  8 hobgoblins
  8 jackals
  A quokka (D:3)
  4 ball pythons
  3 frilled lizards
  6 kobolds
  7 rats
83 creatures vanquished.

Notes
Turn   | Place    | Note
-------+----------+-------------------------------------------
     0 | D:1      | Krakonus1 the Octopode Fighter began the quest for the Orb.
     0 | D:1      | Reached XP level 1. HP: 16/16 MP: 1/1
   160 | D:1      | Reached XP level 2. HP: 18/21 MP: 2/2
   599 | D:1      | Reached XP level 3. HP: 26/26 MP: 3/3
   798 | D:2      | Reached XP level 4. HP: 19/31 MP: 4/4
   960 | D:2      | Reached XP level 5. HP: 30/36 MP: 5/5
  1416 | D:2      | Reached skill level 5 in Shields
  1691 | D:2      | Noticed Ijyb
  1707 | D:2      | Killed Ijyb
  2470 | D:3      | Reached XP level 6. HP: 42/42 MP: 6/6
  2512 | D:3      | Found a sparkling altar of Nemelex Xobeh.
  2512 | D:3      | Found a hide-covered altar of Uskayaw.
  2518 | D:3      | Found a bloodstained altar of Trog.
  2520 | D:3      | Found a glowing golden altar of the Shining One.
  2521 | D:3      | Found an ancient bone altar of Kikubaaqudgha.
  2575 | D:3      | Reached skill level 5 in Dodging
  2974 | D:3      | Noticed Grinder
  2978 | D:3      | Paralysed by Grinder for 3 turns
  2984 | D:3      | Paralysed by Grinder for 2 turns
  2988 | D:3      | Paralysed by Grinder for 7 turns
  2990 | D:3      | HP: 1/42 [Grinder (5)]
  2991 | D:3      | Slain by an adder

Vault maps used:
D:1:      dpeg_arrival_stone_temple_mockup, st_stairs_6
D:2:      kennysheep_goblin_castle, cheibrodos_gnoll_hut
D:3:      chequers_temple_overflow_minitemple, first_bread, uniq_grinder

Skill      XL: |  1  2  3  4  5  6 |
---------------+-------------------+-----
Shields        | 4 5 |  5.4
Dodging        | 4 5 |  5.1
Fighting       | |  3.0
Polearms       | |  2.0

Action                   |  1- 3 |  4- 6 || total
-------------------------+-------+-------++-------
Melee: Trident           |    53 |   170 ||   223
       Constrict         |    13 |    27 ||    40
       Tentacles         |     6 |    26 ||    32
Evoke: Wand              |       |     4 ||     4
  Use: Scroll            |     1 |     6 ||     7
       Potion            |       |     3 ||     3
 Stab: Sleeping          |     3 |    10 ||    13
       Distracted        |       |     1 ||     1
  Eat: Chunk             |       |     7 ||     7
Armor: Skin              |     6 |     5 ||    11
Dodge: Dodged            |    19 |    60 ||    79
Block: Shield            |    16 |    55 ||    71
